 Dungeon Crawl Stone Soup version 0.24.0-2-g5b39cebb1c (webtiles) character file.

Game seed: 7271789594620792757, levelgen mode: deterministic

130957 MagicalRalsei the Fighter (level 17, -4/139 HPs)
             Began as a Human Wizard on Oct 30, 2019.
             Was a High Priest of Sif Muna.
             Slain by a bone dragon (9 damage)
             ... on level 2 of the Abyss on Oct 31, 2019.
             The game lasted 02:53:33 (61089 turns).

MagicalRalsei the Fighter (Human Wizard)           Turns: 61089, Time: 02:53:34

Health: -4/139     AC: 15    Str: 13      XL:     17   Next: 65%
Magic:  23/33      EV: 15    Int: 30 (31) God:    Sif Muna [*****.]
Gold:   1888       SH: 14    Dex: 15      Spells: 8/40 levels left

rFire    + + .     SeeInvis .   J - +1 war axe (distort)
rCold    + . .     Gourm    .   g - +2 shield of Resistance {rF+ rC+ MR+}
rNeg     . . .     Faith    .   p - +1 ring mail {rF+}
rPois    .         Spirit   .   M - +1 helmet
rElec    .         Reflect  .   G - +0 cloak {+Inv}
rCorr    .         Harm     .   l - +0 pair of gloves
MR       ++...                  N - +1 pair of boots
Stlth    ..........             F - amulet of rage
HPRegen  0.33/turn              e - ring "Vuitia" {Str+3 Int+2 Dex+4 Stlth-}
MPRegen  0.23/turn              L - +5 ring of intelligence

@: no status effects
A: [blurry vision 1]
a: Channel Magic, Forget Spell, Divine Exegesis, Renounce Religion, Evoke
Berserk Rage, Evoke Invisibility


You were on level 2 of the Abyss.
You worshipped Sif Muna.
Sif Muna was extremely pleased with you.
You were not hungry.

You visited 6 branches of the dungeon, and saw 27 of its levels.
You visited the Abyss 1 time.
You also visited: Ossuary and Bailey.

You collected 3552 gold pieces.
You spent 1664 gold pieces at shops.

Inventory:

Hand Weapons
 J - a +1 war axe of distortion (weapon)
Missiles
 h - 19 curare-tipped darts (quivered)
 u - 119 poisoned darts
Armour
 g - the +2 shield of Resistance (worn) {rF+ rC+ MR+}
   (You bought it in a shop on level 2 of the Orcish Mines)

   It protects you from fire.
   It protects you from cold.
   It affects your resistance to hostile enchantments.
 l - a +0 pair of gloves (worn)
 p - a +1 ring mail of fire resistance (worn)
 D - a +1 leather armour of poison resistance
 G - a +0 cloak of invisibility (worn)
 M - a +1 helmet (worn)
 N - a +1 pair of boots (worn)
Jewellery
 e - the ring "Vuitia" (left hand) {Str+3 Int+2 Dex+4 Stlth-}
   (You found it on level 13 of the Dungeon)

   [ring of strength]

   It affects your strength (+3).
   It affects your intelligence (+2).
   It affects your dexterity (+4).
   It makes you less stealthy.
 f - an uncursed ring of positive energy
 C - an uncursed ring of resist corrosion
 F - an amulet of rage (around neck)
 L - a +5 ring of intelligence (right hand)
Wands
 o - a wand of disintegration (15)
 y - a wand of random effects (21)
 O - a wand of flame (5)
 P - a wand of acid (3)
Scrolls
 b - a scroll of fear
 j - 2 scrolls of immolation
 t - 2 scrolls of amnesia
 w - 2 scrolls of fog
 A - 4 scrolls of enchant armour
 B - 7 scrolls of remove curse
 H - 3 scrolls of enchant weapon
 I - 6 scrolls of identify
Potions
 a - a potion of flight
 c - 3 potions of cancellation
 k - 5 potions of degeneration
 m - 3 potions of resistance
 n - a potion of brilliance
 q - 4 potions of curing
 r - 2 potions of heal wounds
 v - 2 potions of haste
 x - 6 potions of mutation
 z - 5 potions of agility
 E - 3 potions of might
Comestibles
 d - a ration
 i - 5 chunks of flesh


   Skills:
 + Level 14.1 Fighting
 - Level 9.4 Armour
 - Level 8.4 Dodging
 - Level 2.0 Stealth
 + Level 12.6 Shields
 - Level 12.0 Spellcasting
 - Level 10.0 Conjurations
 - Level 1.0 Summonings
 - Level 8.0 Necromancy
 - Level 3.0 Translocations
 - Level 2.0 Air Magic
 - Level 5.0 Poison Magic
 - Level 8.7 Invocations


You had 8 spell levels left.
You knew the following spells:

 Your Spells              Type           Power        Failure   Level  Hunger
a - Magic Dart            Conj           ####         1%          1    None
b - Blink                 Tloc           N/A          3%          2    None
c - Mephitic Cloud        Conj/Pois/Air  ######..     1%          3    None
d - Bolt of Draining      Conj/Necr      ######....   4%          5    ##.....
e - Conjure Flame         Conj/Fire      #####...     2%          3    None
f - Poisonous Vapours     Pois/Air       #####.       2%          2    None
g - Borgnjor's Revivific  Necr           ######....   100%        8    #######
h - Call Imp              Summ           ###.....     7%          2    None
i - Death Channel         Necr           ######....   38%         6    ####...

Your spell library contained the following spells:

 Spells                   Type           Power        Failure   Level  Hunger
 Animate Skeleton         Necr           N/A          1%          1    None
 Apportation              Tloc           #####.       1%          1    None
 Pain                     Necr           ####         1%          1    None
 Corpse Rot               Necr           N/A          1%          2    None
 Vampiric Draining        Necr           ######....   1%          3    None
 Stone Arrow              Conj/Erth      #####.       2%          3    None
 Summon Small Mammal      Summ           ###.         4%          1    None
 Force Lance              Conj/Tloc      ######..     4%          4    None
 Gell's Gravitas          Tloc           #####.....   6%          3    None
 Lesser Beckoning         Tloc           #####.....   6%          3    None
 Confusing Touch          Hex            ###...       7%          1    None
 Corona                   Hex            ###....      7%          1    None
 Sandblast                Erth           ###...       7%          1    None
 Agony                    Necr           ######..     8%          5    ##.....
 Passwall                 Tmut/Erth      ###.....     11%         2    None
 Slow                     Hex            ###.....     11%         2    None
 Portal Projectile        Hex/Tloc       ####..       12%         3    None
 Inner Flame              Hex/Fire       ###.....     22%         3    None
 Ozocubu's Armour         Chrm/Ice       ###.....     22%         3    None
 Spectral Weapon          Hex/Chrm       ###.....     22%         3    None
 Excruciating Wounds      Chrm/Necr      #####.....   36%         5    ##.....
 Bolt of Magma            Conj/Fire/Erth #####.....   45%         5    ##.....
 Cause Fear               Hex            ###.......   56%         4    None
 Ice Form                 Ice/Tmut       ###.....     56%         4    None
 Leda's Liquefaction      Hex/Erth       ###.......   56%         4    None
 Petrify                  Tmut/Erth      ###.....     56%         4    None
 Bolt of Cold             Conj/Ice       #####.....   80%         6    ####...
 Summon Mana Viper        Hex/Summ       ###.....     85%         5    ##.....
 Lee's Rapid Deconstruct  Erth           ###.......   89%         5    ##.....
 Metabolic Englaciation   Hex/Ice        ###.......   89%         5    ##.....
 Freezing Cloud           Conj/Ice/Air   #####.....   91%         6    ####...
 Simulacrum               Ice/Necr       #####.....   91%         6    ####...
 Dispersal                Tloc           #####.....   97%         6    ####...
 Ozocubu's Refrigeration  Ice            ###.......   100%        6    ####...
 Ring of Flames           Chrm/Fire      ###.......   100%        7    ######.
 Controlled Blink         Tloc           N/A          100%        8    #######
 Death's Door             Chrm/Necr      #####.....   100%        8    #######
 Disjunction              Tloc           #####.....   100%        8    #######
 Infestation              Necr           ######....   100%        8    #######


Dungeon Overview and Level Annotations

Branches:
Dungeon (15/15)            Temple (0/1) D:7            Lair (6/6) D:10
 Shoals (2/4) Lair:2       Spider (1/4) Lair:4        Slime (0/5) Lair:6
    Orc (2/2) D:12            Elf (1/3) Orc:2       Ossuary (visited)
 Bailey (visited)
 Vaults: D:13-14     Depths: D:15

Altars:
Ashenzari
Cheibriados
Elyvilon
Gozag
Qazlal
Sif Muna
Trog
Zin
The Shining One
Beogh
Jiyva

Shops:
Orc:1 [%}?   Orc:2 *[*(

Annotations:
D:5 Menkaure
D:9 1 runed translucent door, mitkoXXVII's ghost, journeyman OgCj
D:11 2 transporters, yogakurto's ghost, journeyman MfVM
D:12 6 runed translucent doors
D:13 exclusion: downstairs
D:14 Azrael; Josephine; Louise; Nessos
D:15 3 runed translucent doors, Woch's ghost, journeyman TrMo
Lair:4 exclusion: downstairs
Shoals:2 Ilsuiw; Roxanne


Innate Abilities, Weirdness & Mutations

[Scrolls take you a little longer to read.]


Message History

You hold your ground!
Unknown command.
Unknown command.
Casting: Blink (safe; 3% risk of failure)
Confirm with . or Enter, or press ? or * to list all spells.
You blink.
The bone dragon bites you but does no damage.
The bone dragon claws you but does no damage.
The bone dragon tramples you but does no damage.
The smoke demon gestures at you. Something smites you!
* * * LOW HITPOINT WARNING * * *
Unknown command.
Unknown command.
Unknown command.
Unknown command.
You fail to use your ability.
The bone dragon bites you.
* * * LOW HITPOINT WARNING * * *
The bone dragon claws you!
You die...

# . ## #
###XD # .
##.# #..### .
#### ####.# #
## #..#### #
#X .. ..
##.##§# #....
...# .
##@D###
.#.#..#...
#.#X3##3.....
#..
#..##.#.####
..#.##
##.##...# . #
## ### ### ##
.... .§ ... #
. 3. ..


You could see a bone dragon, a large abomination and a smoke demon.

Vanquished Creatures
  Saint Roka (Orc:1)
  Rupert (D:14)
  Polyphemus (Shoals:2)
  Donald (Orc:1)
  Snorg (D:12)
  A merfolk javelineer (Shoals:2)
  An eidolon (Abyss:2)
  Harold (Lair:1)
  12 hydras
  3 catoblepae
  A quicksilver dragon skeleton (Abyss:2)
  4 two-headed ogres
  2 centaur warriors (D:13)
  6 death yaks
  2 merfolk aquamancers
  A deep troll earth mage (D:13)
  3 orc high priests
  A thrashing horror (Abyss:2)
  Sonja (Lair:1)
  A sixfirhy (Abyss:2)
  4 sea snakes
  An unseen horror (D:12)
  A glowing orange brain (D:13)
  Pikel (D:7)
  A lindwurm (Lair:6)
  A necromancer (D:15)
  10 harpies
  7 orc knights
  6 orb spiders (Spider:1)
  21 ugly things
  4 deep elf magi
  9 manticores
  7 orc sorcerers
  5 wolf spiders
  9 fauns
  6 elephants
  A water nymph (Shoals:2)
  7 merfolk sirens
  4 black mambas
  12 spiny frogs
  A torpor snail (Lair:6)
  An orange demon (Abyss:2)
  3 centaur skeletons
  A kobold demonologist (D:13)
  4 komodo dragons
  3 rime drakes (Lair:6)
  9 trolls
  A meliai (D:13)
  6 merfolk
  16 blink frogs
  2 hornets
  4 raiju (Abyss:2)
  13 jumping spiders
  Prince Ribbit (Lair:3)
  A blink frog (shapeshifter) (D:13)
  2 meliai zombies
  5 dream sheep (Lair:6)
  23 redbacks
  8 hippogriffs
  3 snapping turtles (Shoals:2)
  A spriggan (D:12)
  A shadow (D:12)
  10 tarantellas
  3 wraiths
  Sigmund (D:5)
  A ynoxinul (Abyss:2)
  Eustachio (D:5)
  6 water elementals
  3 wyverns
  28 yaks
  3 basilisks
  A neqoxec (Abyss:2)
  3 vampire mosquitoes (D:14)
  2 fire elementals (D:13)
  A hog (shapeshifter) (D:13)
  3 hungry ghosts
  A two-headed ogre zombie (D:12)
  3 wargs
  A soldier ant (D:10)
  10 water moccasins
  2 hell hounds (D:13)
  5 porcupines
  4 black bears
  A hornet zombie (D:11)
  26 orc warriors
  3 sky beasts
  6 phantoms
  12 ice beasts
  4 slaves (D:7)
  2 eyes of draining
  A tengu (shapeshifter) (D:13)
  10 ogres
  5 boggarts (D:14)
  7 wolves
  9 centaurs
  18 crocodiles
  5 big kobolds
  17 bullfrogs
  A water moccasin zombie (Ossuary)
  4 scorpions
  A wyvern skeleton (D:12)
  11 wights
  An electric eel (Lair:4)
  3 howler monkeys
  12 crimson imps
  2 lava snakes (D:12)
  3 centaur zombies
  2 quasits
  A bullfrog zombie (D:13)
  2 bullfrog skeletons
  7 hounds
  5 jellies
  17 orc priests
  Jessica (D:3)
  4 iguanas
  7 worker ants
  24 orc wizards
  2 killer bee zombies
  3 ogre zombies (D:12)
  4 hound skeletons
  4 gnolls
  17 adders
  2 shadow imps (D:12)
  An adder skeleton (D:9)
  9 adder zombies
  2 worms (D:3)
  3 leopard geckos
  58 orcs
  2 ball pythons
  4 giant cockroaches
  17 hobgoblins
  13 jackals
  52 kobolds
  8 quokkas
  4 bats
  5 frilled lizards
  3 gnoll zombies (Ossuary)
  9 goblins
  A goblin skeleton (D:12)
  4 goblin zombies (D:12)
  3 hobgoblin skeletons (D:12)
  3 hobgoblin zombies (D:12)
  2 kobold zombies (Ossuary)
  A leopard gecko zombie (D:7)
  3 orc skeletons (D:12)
  14 orc zombies
  A quokka skeleton (D:7)
  5 rats
  A fungus (Lair:3)
857 creatures vanquished.

Vanquished Creatures (collateral kills)
  A centaur skeleton (D:5)
1 creature vanquished.

Vanquished Creatures (others)
  A centaur warrior (D:13)
  A spatial maelstrom (Abyss:2)
  2 manticores
  A cyclops (D:11)
  An elephant (Lair:3)
  A spiny frog (Lair:3)
  A centaur skeleton (D:14)
  An efreet (D:13)
  A komodo dragon (Lair:6)
  A jumping spider (Lair:4)
  A dream sheep (Lair:6)
  A harpy skeleton (D:15)
  A redback (Spider:1)
  4 yaks
  A human (D:14)
  A hell hound (D:13)
  A porcupine (Lair:3)
  A wolf (Lair:1)
  A crocodile (Lair:5)
  A water moccasin zombie (Ossuary)
  2 small abominations (Abyss:2)
  A lava snake (D:12)
  2 hounds (D:13)
  A jelly (D:12)
  A worker ant (D:12)
  3 ogre zombies (D:12)
  An ufetubus (Abyss:2)
  A hobgoblin zombie (Ossuary)
  2 kobolds (D:4)
  2 orc zombies
  15 fungi
  27 plants
  12 starspawn tentacles (Abyss:2)
94 creatures vanquished.

Grand Total: 952 creatures vanquished

Notes
Turn   | Place    | Note
-------+----------+-------------------------------------------
     0 | D:1      | MagicalRalsei the Human Wizard began the quest for the Orb.
     0 | D:1      | Reached XP level 1. HP: 13/13 MP: 4/4
   381 | D:1      | Reached XP level 2. HP: 17/20 MP: 1/6
  1480 | D:2      | Reached skill level 1 in Fighting
  1680 | D:2      | Reached XP level 3. HP: 26/26 MP: 0/7
  2299 | D:2      | Found a faded altar of an unknown god.
  2828 | D:3      | Reached XP level 4. HP: 32/32 MP: 6/9
  2858 | D:3      | Learned a level 2 spell: Blink
  2861 | D:3      | Learned a level 2 spell: Call Imp
  2865 | D:3      | Learned a level 3 spell: Mephitic Cloud
  2946 | D:3      | Found a bloodstained altar of Trog.
  3942 | D:3      | Noticed Jessica
  3966 | D:3      | Killed Jessica
  3966 | D:3      | Reached XP level 5. HP: 36/38 MP: 5/10
  4246 | D:3      | Found a snail-covered altar of Cheibriados.
  4309 | D:3      | Found a shimmering blue altar of Sif Muna.
  4317 | D:3      | Became a worshipper of Sif Muna the Loreminder
  4372 | D:3      | Reached skill level 2 in Fighting
  5281 | D:4      | Reached XP level 6. HP: 44/44 MP: 7/11
  5499 | D:4      | Learned a level 3 spell: Conjure Flame
  5761 | D:4      | Reached * piety under Sif Muna
  5763 | D:4      | Reached XP level 7. HP: 24/51 MP: 11/13
  6040 | D:4      | Found a glowing silver altar of Zin.
  6566 | D:5      | Entered Level 5 of the Dungeon
  6584 | D:5      | Found a shattered altar of Ashenzari.
  6587 | D:5      | Noticed Eustachio
  6587 | D:5      | Noticed Sigmund
  6599 | D:5      | Reached skill level 1 in Poison Magic
  6641 | D:5      | Noticed Menkaure
  6696 | D:5      | Reached skill level 1 in Air Magic
  6760 | D:4      | Reached skill level 3 in Fighting
  6760 | D:4      | Reached skill level 5 in Conjurations
  7109 | D:5      | Found a sand-covered staircase.
  7118 | Ossuary  | Entered an ossuary
  7641 | Ossuary  | Reached XP level 8. HP: 38/58 MP: 2/15
  7643 | Ossuary  | Reached ** piety under Sif Muna
  8379 | D:5      | Killed Sigmund
  8379 | D:5      | Reached skill level 4 in Fighting
  8379 | D:5      | Reached skill level 5 in Spellcasting
  9064 | D:5      | Killed Eustachio
  9925 | D:6      | Reached XP level 9. HP: 66/66 MP: 2/17
 10536 | D:6      | Reached skill level 5 in Fighting
 12297 | D:7      | Found a staircase to the Ecumenical Temple.
 12671 | D:7      | Reached skill level 1 in Shields
 13007 | D:7      | Noticed a hippogriff
 13013 | D:7      | Killed a hippogriff
 13013 | D:7      | Reached skill level 6 in Fighting
 13013 | D:7      | Reached skill level 1 in Armour
 13013 | D:7      | Reached XP level 10. HP: 70/76 MP: 8/19
 13135 | D:7      | Found a glowing golden altar of the Shining One.
 13764 | D:7      | Noticed Pikel
 13785 | D:7      | Killed Pikel
 14596 | D:7      | Found an opulent altar of Gozag.
 14605 | D:7      | Found a stormy altar of Qazlal.
 14690 | D:7      | Found a white marble altar of Elyvilon.
 15847 | D:9      | Reached *** piety under Sif Muna
 15927 | D:9      | Reached skill level 7 in Fighting
 16391 | D:9      | Found a runed translucent door.
 16396 | D:9      | Noticed mitkoXXVII's ghost (journeyman OgCj)
 16752 | D:10     | Entered Level 10 of the Dungeon
 17397 | D:10     | Reached XP level 11. HP: 68/84 MP: 10/22
 17703 | D:10     | Paralysed by a hornet for 2 turns
 18314 | D:10     | Found a staircase to the Lair.
 18599 | D:11     | Reached **** piety under Sif Muna
 18767 | D:11     | Noticed yogakurto's ghost (journeyman MfVM)
 18768 | D:11     | Noticed a two-headed ogre
 18808 | D:11     | Noticed a red ugly thing
 18821 | D:11     | Reached skill level 1 in Invocations
 18846 | D:11     | Killed a red ugly thing
 18846 | D:11     | Reached skill level 5 in Armour
 19086 | D:11     | Reached skill level 8 in Fighting
 19208 | D:11     | Found a transporter.
 19217 | D:11     | Found a transporter.
 19410 | D:11     | Noticed a cyclops
 19768 | D:11     | Banished a cyclops
 19883 | Lair:1   | Entered Level 1 of the Lair of Beasts
 20338 | Lair:1   | Noticed Harold
 20484 | Lair:1   | Noticed Sonja
 20581 | Lair:1   | Killed Sonja
 20646 | Lair:1   | Killed Harold
 20804 | Lair:1   | Reached XP level 12. HP: 79/94 MP: 24/24
 21590 | Lair:2   | Noticed a catoblepas
 21628 | Lair:2   | Banished a catoblepas
 22171 | Lair:2   | Reached skill level 10 in Conjurations
 22594 | Lair:2   | Reached skill level 9 in Fighting
 22798 | Lair:2   | Reached skill level 5 in Dodging
 23489 | Lair:2   | Reached skill level 5 in Invocations
 23727 | Lair:2   | Found a staircase to the Shoals.
 23837 | Lair:3   | Noticed Prince Ribbit
 24097 | Lair:3   | Killed Prince Ribbit
 24830 | Lair:3   | Reached XP level 13. HP: 91/101 MP: 22/26
 25988 | Lair:4   | Noticed a catoblepas
 25993 | Lair:4   | Noticed an eight-headed hydra
 26029 | Lair:4   | Noticed a four-headed hydra
 26070 | Lair:3   | Killed a four-headed hydra
 26818 | Lair:4   | Banished a catoblepas
 27177 | Lair:4   | Noticed an eight-headed hydra
 27787 | Lair:4   | Reached skill level 5 in Shields
 29307 | Lair:5   | Noticed an eight-headed hydra
 29464 | Lair:4   | Found a hole to the Spider Nest.
 29630 | Lair:6   | Entered Level 6 of the Lair of Beasts
 29929 | Lair:6   | Noticed a catoblepas
 29941 | Lair:6   | Noticed an eight-headed hydra
 29967 | Lair:5   | Killed an eight-headed hydra
 29970 | Lair:5   | Reached skill level 10 in Fighting
 30342 | Lair:6   | Noticed a six-headed hydra
 31311 | D:12     | Reached ***** piety under Sif Muna
 31658 | D:12     | Noticed Snorg
 31807 | D:12     | Identified Sif Muna's Disquisition on Doomed Talismans (Sif
                  | Muna gifted it to you on level 12 of the Dungeon)
 31807 | D:12     | Received a gift from Sif Muna
 31836 | D:11     | Learned a level 5 spell: Bolt of Draining
 32307 | D:12     | Killed Snorg
 32307 | D:12     | Reached skill level 1 in Necromancy
 32690 | D:12     | Noticed a four-headed hydra
 32707 | D:12     | Killed a four-headed hydra
 32707 | D:12     | Reached skill level 10 in Spellcasting
 32939 | D:12     | Reached XP level 14. HP: 74/110 MP: 28/28
 33411 | D:12     | Found a runed translucent gate.
 33411 | D:12     | Found a runed translucent gate.
 33411 | D:12     | Found a runed translucent gate.
 33415 | D:12     | Noticed a sphinx
 33415 | D:12     | Noticed a storm dragon
 33438 | D:12     | Noticed a frost giant
 33611 | D:12     | Found a staircase to the Orcish Mines.
 34102 | D:12     | Found a runed translucent gate.
 34102 | D:12     | Found a runed translucent gate.
 34102 | D:12     | Found a runed translucent gate.
 35124 | D:13     | You fall into a shaft and drop 2 floors!
 35124 | D:15     | Entered Level 15 of the Dungeon
 36498 | D:13     | Got a scintillating steel ring
 36704 | D:13     | You fall into a shaft and drop 2 floors!
 36704 | D:15     | Found a runed translucent gate.
 36704 | D:15     | Found a runed translucent gate.
 36704 | D:15     | Found a runed translucent gate.
 36704 | D:15     | Noticed Woch's ghost (journeyman TrMo)
 37564 | D:13     | Identified the ring "Vuitia" {Str+3 Int+2 Dex+4 Stlth-}
                  | (You found it on level 13 of the Dungeon)
 38229 | Orc:1    | Entered Level 1 of the Orcish Mines
 38255 | Orc:1    | Found Owecagi's Magic Scroll Shoppe.
 38259 | Orc:1    | Bought a scroll of teleportation for 36 gold pieces
 38259 | Orc:1    | Bought a scroll of fear for 42 gold pieces
 38269 | Orc:1    | Found Velipur's Gadget Boutique.
 38298 | Orc:1    | Found Sietirau's Food Shoppe.
 38303 | Orc:1    | Found Asehae's Antique Armour Shop.
 38311 | Orc:1    | Bought a bloodstained ring mail for 297 gold pieces
 38321 | Orc:1    | Identified the +1 ring mail of Qazlal's Approval {-Tele
                  | +Fly Str+8 Stlth-} (You bought it in a shop on level 1 of
                  | the Orcish Mines)
 38427 | Orc:1    | Found a flagged portal.
 38436 | Orc:1    | Identified Sif Muna's Tome of Sinister Secrets and the
                  | Compass (Sif Muna gifted it to you on level 1 of the Orcish
                  | Mines)
 38436 | Orc:1    | Received a gift from Sif Muna
 38476 | Bailey   | Entered a bailey
 38608 | Bailey   | Reached skill level 5 in Necromancy
 38736 | Bailey   | Got a twitching diamond amulet
 38747 | Bailey   | Learned a level 8 spell: Borgnjor's Revivification
 38755 | Bailey   | Identified the amulet of Ascent {RegenMP *Slow Dex+4} (You
                  | found it in a bailey)
 38943 | Bailey   | Found a burning altar of Makhleb.
 39403 | Orc:1    | Learned a level 6 spell: Death Channel
 39528 | Orc:1    | Found a roughly hewn altar of Beogh.
 39919 | Orc:2    | Entered Level 2 of the Orcish Mines
 40338 | Orc:2    | Found a staircase to the Elven Halls.
 40494 | Orc:2    | Noticed Saint Roka
 40715 | Orc:1    | Killed Saint Roka
 40715 | Orc:1    | Reached XP level 15. HP: 107/117 MP: 3/29
 41287 | Orc:2    | Noticed Donald
 41350 | Orc:1    | Killed Donald
 42329 | Orc:2    | Reached skill level 11 in Fighting
 42871 | Orc:2    | Found Atrityzepp's Antique Weapon Emporium.
 42871 | Orc:2    | Found Teifudoa's General Store.
 42872 | Orc:2    | Found Feasuavvem's General Store.
 42877 | Orc:2    | Found Xeat's Antique Armour Shop.
 43320 | Orc:2    | Bought the +2 shield of Resistance {rF+ rC+ MR+} for 945
                  | gold pieces
 43320 | Orc:2    | Found the +2 shield of Resistance {rF+ rC+ MR+}
 43861 | D:13     | Learned a level 2 spell: Poisonous Vapours
 44736 | D:14     | Found an opulent altar of Gozag.
 44893 | D:14     | Noticed Rupert
 47149 | Lair:6   | Found a staircase to the Slime Pits.
 47149 | Lair:6   | Found a viscous altar of Jiyva.
 48447 | Lair:6   | Received a gift from Sif Muna
 48815 | Lair:6   | Reached XP level 16. HP: 125/125 MP: 15/31
 50100 | Spider:1 | Entered Level 1 of the Spider Nest
 51399 | Orc:2    | Bought a runed cloak for 172 gold pieces
 51399 | Orc:2    | Bought a pair of runed boots for 172 gold pieces
 51738 | Spider:1 | Reached skill level 10 in Shields
 51905 | Spider:1 | Reached skill level 12 in Fighting
 53105 | Elf:1    | Entered Level 1 of the Elven Halls
 53116 | Elf:1    | Reached skill level 5 in Poison Magic
 53439 | Shoals:1 | Entered Level 1 of the Shoals
 54257 | Shoals:1 | Identified the Tome of the Earthen Escort
 55884 | Shoals:2 | Identified Roxanne's Handbook of Transmigration
 55884 | Shoals:2 | Noticed Roxanne
 56212 | Shoals:2 | Reached XP level 17. HP: 135/135 MP: 20/33
 56643 | Shoals:2 | Reached skill level 13 in Fighting
 57270 | Shoals:2 | Noticed Ilsuiw
 57390 | Shoals:2 | Noticed Polyphemus
 57844 | Shoals:2 | Killed Polyphemus
 58610 | D:14     | Noticed Azrael
 59307 | D:14     | Noticed Josephine
 59311 | D:13     | Identified Sif Muna's Volume of Clay and Darkness (Sif Muna
                  | gifted it to you on level 13 of the Dungeon)
 59311 | D:13     | Received a gift from Sif Muna
 59501 | D:14     | Killed Rupert
 60127 | D:14     | Noticed Nessos
 60353 | D:14     | Noticed Louise
 60368 | D:14     | Cast into level 2 of the Abyss (Louise)
 60524 | Abyss:2  | Found a corrupted altar of Lugonu.
 60667 | Abyss:2  | Reached skill level 14 in Fighting
 60839 | Abyss:2  | Noticed a tentacled starspawn
 60894 | Abyss:2  | Noticed a tentacled starspawn
 61030 | Abyss:2  | Noticed a bone dragon
 61089 | Abyss:2  | HP: 5/139 [bone dragon (2)]
 61089 | Abyss:2  | Slain by a bone dragon

Levels and vault maps discovered:
D:1:      dpeg_arrival_stone_temple_mockup, layout_loops_ring
D:2:      layout_basic, chequers_ecumenical_altar_lobes,
          serial_co_window_serial, co_window_of_opportunity_a,
          co_window_paths_a, co_window_paths_a, co_window_paths_b,
          co_window_of_opportunity_a, co_window_corner_ca,
          co_window_unsneaky_path_e, co_window_broadway_a, co_window_cross_4,
          co_window_paths_c, co_window_unsneaky_path_d
D:3:      layout_basic, lemuel_coloured_pillars_altar, tgw_sif,
          lemuel_doored_altar
D:4:      kennysheep_kobold_camp, layout_cave_pools, lemuel_round_altar,
          first_ration, serial_shops, shop, st_stairs_9, bh_walls_and_bars
D:5:      cheibrodos_thug_alley, layout_loops_corners, old_standard_altar,
          chequers_ossuary_entry_cave, uniq_menkaure, uniq_eustachio,
          uniq_sigmund
D:6:      layout_loops_ring, minmay_holes
D:7:      layout_basic, lemuel_round_altar, nicolae_tso_swordbearing_angel,
          minitemple, minmay_temple_entry_arrows, hangedman_decor_growths,
          uniq_pikel
D:8:      layout_rooms, serial_corexii_hall, chequers_hall_statues_corner_a,
          chequers_hall_statues_y
D:9:      layout_gridville, ebering_ghost_reflecting_pool, serial_glass,
          glass_columns_a, glass_columns_c, minivault_14
D:10:     layout_gridville, lair_entry_dummy, nicolae_benzene_ring
D:11:     layout_roguey, serial_corexii_hall, chequers_hall_statues_corner_a,
          corexii_hall_statues_i, gammafunk_ghost_arena
D:12:     kennysheep_treasure_stockpile, layout_long_grid, zombieorc2_lemuel,
          the_bakery, grunt_ministairs_3, uniq_snorg
D:13:     layout_cave_pods, minmay_evil_grid
D:14:     layout_loops_ring, ximxim_vaults_locker_room,
          nicolae_gozag_seed_capital, uniq_josephine, uniq_louise, uniq_nessos,
          uniq_azrael, uniq_rupert
D:15:     grunt_enter_depths_snipers, layout_cave_pools, solitary_fountain,
          gammafunk_ghost_cemetery, minivault_13
Lair:1:   layout_roguey, uniq_harold, uniq_sonja
Lair:2:   layout_long_grid, elwin_shoals_entry_rooms,
          portal_ice_cave_entry_ice_beasts
Lair:3:   layout_cave_pods, uniq_prince_ribbit2
Lair:4:   layout_concentric_octagons, nicolae_spider_entry_tight_spaces,
          infiniplex_staircase_pool
Lair:5:   layout_cave_pods
Lair:6:   hangedman_lair_in_review, layout_misc_corridors, slime_altar_1,
          grunt_megastairs_3
Shoals:1: layout_shoals
Shoals:2: layout_shoals, uniq_polyphemus, uniq_ilsuiw, uniq_roxanne
Spider:1: layout_spider_delve, drop_trap
Orc:1:    cheibrodos_orc_bank, layout_diamond_mine, serial_shops, shop,
          nicolae_shop_overgrown_old_shop, shop, shop, basic_altar,
          enter_bailey_4
Orc:2:    st_orc_elflike, layout_diamond_mine, uniq_donald, uniq_saint_roka
Elf:1:    minmay_elf_arrival_summoners, layout_loops_corners, serial_shops,
          shop_fountains, minmay_elf_crystal_hexagon, nrook_loot_triangle,
          st_stairs_13
Abyss:2:  bh_abyss_negative, hangedman_abyss_or_decor_stabs,
          hangedman_abyss_or_decor_lesser_grid, minivault_25_ag,
          evilmike_abyss_exit_9

Skill      XL: |  1  2  3  4  5  6  7  8  9 10 11 12 13 14 15 16 17 |
---------------+----------------------------------------------------+-----
Fighting       | 1 2 3 4 6 7 8 9 10 11 12 14 | 14.1
Conjurations   | 2 3 4 5 7 8 9 10 | 10.0
Spellcasting   | 4 5 6 7 8 9 10 11 12 | 12.0
Poison Magic   | 1 2 4 5 |  5.0
Air Magic      | 1 2 |  2.0
Translocations | 3 |  3.0
Shields        | 2 4 6 8 9 11 12 | 12.6
Armour         | 1 4 5 7 8 9 |  9.4
Invocations    | 3 5 7 8 |  8.7
Dodging        | 3 5 7 8 |  8.4
Necromancy     | 2 5 7 8 |  8.0
Stealth        | |  2.0
Summonings     | |  1.0

Action                   |  1- 3 |  4- 6 |  7- 9 | 10-12 | 13-15 | 16-18 || total
-------------------------+-------+-------+-------+-------+-------+-------++-------
Melee: Hand axe          |     5 |       |       |       |       |       ||     5
       Dagger            |     4 |    57 |   133 |    28 |       |       ||   222
       War axe           |       |       |       |   352 |   756 |   276 ||  1384
Throw: Dart              |       |     4 |     4 |     1 |     3 |       ||    12
       Stone             |       |       |     6 |    12 |       |       ||    18
 Cast: Magic Dart        |    76 |   145 |   366 |   669 |   338 |    28 ||  1622
       Blink             |       |     2 |    14 |    24 |    59 |    31 ||   130
       Mephitic Cloud    |       |       |    11 |    70 |    75 |     4 ||   160
       Conjure Flame     |       |       |    11 |    29 |    32 |     5 ||    77
       Call Imp          |       |       |     1 |       |       |     3 ||     4
       Bolt of Draining  |       |       |       |       |   308 |   240 ||   548
       Poisonous Vapours |       |       |       |       |    10 |   143 ||   153
Invok: Channel Magic     |       |       |       |       |     2 |     1 ||     3
 Abil: Evoke Berserk Rag |       |       |       |       |       |     1 ||     1
Evoke: Wand              |       |       |       |       |    10 |    14 ||    24
       Phantom mirror    |       |       |       |       |       |     1 ||     1
  Use: Scroll            |       |     7 |     8 |     1 |    16 |     8 ||    40
       Potion            |       |     5 |       |     2 |     7 |     9 ||    23
 Stab: Sleeping          |       |     1 |     4 |       |       |       ||     5
       Confused          |       |       |     3 |    12 |    16 |       ||    31
       Distracted        |       |       |       |       |     1 |       ||     1
  Eat: Chunk             |     5 |     8 |    14 |    24 |    60 |    15 ||   126
       Ration            |       |       |     3 |     4 |    14 |    10 ||    31
Armor: Robe              |     4 |    26 |    50 |       |       |       ||    80
       Ring mail         |       |       |     5 |   160 |   465 |   170 ||   800
       Skin              |       |       |       |       |     5 |       ||     5
       Leather armour    |       |       |       |       |       |    51 ||    51
Dodge: Dodged            |    13 |    99 |   167 |   261 |   660 |   309 ||  1509
Block: Buckler           |       |       |       |    86 |   230 |       ||   316
       Shield            |       |       |       |       |   126 |   438 ||   564
